 Dungeon Crawl Stone Soup version 0.16-a0-3712-g87ae24a (console) character file.

88 MrRokkomies the Insei (level 4, -4/28 HPs)
             Began as an Octopode Transmuter on Jan 20, 2015.
             Was an Initiate of Ashenzari.
             Killed from afar by Natasha (6 damage)
             ... with a magic dart
             ... on level 3 of the Dungeon.
             The game lasted 00:10:40 (1946 turns).

MrRokkomies the Insei (Octopode Transmuter)         Turns: 1946, Time: 00:10:41

Health: -4/28      AC:  1    Str:  9    XL:     4   Next: 54%
Magic:  0/7        EV: 12    Int: 16    God:    Ashenzari [......]
Gold:   145        SH:  0    Dex: 14    Spells: 2 memorised, 3 levels left

rFire  . . .     SeeInvis .       - Unarmed
rCold  . . .     Clarity  .     e - +0 buckler
rNeg   . . .     SustAb   .     (helmet restricted)
rPois  .         Gourm    .     (no amulet)
rElec  .         Spirit   .     (no ring)
rCorr  .         Warding  .     (no ring)
rMut   .         Stasis   .     (no ring)
MR     .....                    (no ring)
Stlth  ++........               (no ring)
                                (no ring)
                                (no ring)
                                (no ring)

@: confused, appendage, very slightly contaminated, not resistant to hostile
enchantments, unstealthy
A: almost no armour, amphibious, 8 rings, constrict 8, tentacle spike 3,
camouflage 1, agile 1, gelatinous body 1, MP-powered wands 1
a: End Transformation, Renounce Religion


You were on level 3 of the Dungeon.
You worshipped Ashenzari.
Ashenzari was noncommittal.
You were not hungry.
One of your tentacles had a temporary spike.
You visited 1 branch of the dungeon, and saw 3 of its levels.

You collected 145 gold pieces.

Inventory:

Missiles
 b - 12 arrows
 c - 38 stones (quivered)
 h - 2 needles of frenzy
Armour
 e - a +0 buckler (worn)
Magical devices
 f - a wand of confusion (25)
Scrolls
 i - a scroll of teleportation
 k - a scroll of magic mapping
Potions
 j - 2 potions of restore abilities
Books
 d - a book of Changes

   Spells                             Type                      Level
   a - Beastly Appendage              Transmutation                1
   b - Sticks to Snakes               Transmutation                2
   c - Spider Form                    Transmutation/Poison         3
   d - Ice Form                       Ice/Transmutation            4
   e - Blade Hands                    Transmutation                5
Comestibles
 a - 2 bread rations
 g - a beef jerky


   Skills:
 - Level 1.0 Fighting
 - Level 2.0 Dodging
 + Level 2.6 Stealth
 * Level 2.0 Shields
 * Level 4.0 Unarmed Combat
 - Level 2.0 Spellcasting
 - Level 2.1 Transmutations


You had 3 spell levels left.
You knew the following spells:

 Your Spells              Type           Power        Failure   Level  Hunger
a - Beastly Appendage     Trmt           #.....       12%         1    #......
b - Spider Form           Trmt/Pois      #.........   54%         3    ###....


Dungeon Overview and Level Annotations

Branches:
Dungeon (3/15)

Altars:
Ashenzari

Annotations:
D:3 Natasha


Innate Abilities, Weirdness & Mutations

You cannot wear most types of armour.
You are amphibious.
You can wear up to eight rings at the same time.
You can use your tentacles to constrict many enemies at once.
Your skin changes colour to match your surroundings (Stealth).
Your rubbery body absorbs attacks (AC +1).
One of your tentacles bears a large vicious spike.
You are agile. (Dex +2)
You expend magic power (3 MP) to slightly strengthen your wands.


Message History

The shadow imp disappears in a puff of smoke!
Natasha zaps a wand.
You resist with some effort.
Natasha zaps a wand.
You are confused.
Natasha stares at you and mumbles some strange words.
The magic dart hits you!
* * * LOW HITPOINT WARNING * * *
You see here the felid corpse of Natasha.
Drink which item? (? for menu, Esc to quit)
Okay, then.
You feel yourself speed up.
Natasha stares at you and mumbles some strange words.
The ball explodes into a vile cloud!
The stinking cloud engulfs you!
You bump into the rock wall.
You are engulfed in noxious fumes.
You choke on the stench!
You are more confused.
* * * LOW HITPOINT WARNING * * *
Natasha casts a spell at you. The magic dart hits you!
You die...

#(. .h. #.# #.# +#
#.# .# #.# .# #.#
##.## #.# ##...##
#.# #.....#
#.##########<..#####
#h§@§......†........
####################


You could see Natasha.

Vanquished Creatures
  Natasha (D:3)
  An adder (D:2)
  2 worms
  A giant gecko (D:2)
  A ball python (D:1)
  5 bats
  4 giant cockroaches
  5 hobgoblins
  2 jackals (D:1)
  4 kobolds (D:1)
  3 giant newts
  7 goblins
  5 rats
41 creatures vanquished.

Notes
Turn   | Place    | Note
--------------------------------------------------------------
     0 | D:1      | MrRokkomies, the Octopode Transmuter, began the quest for the Orb.
     0 | D:1      | Reached XP level 1. HP: 13/13 MP: 3/3
   208 | D:1      | Reached XP level 2. HP: 8/18 MP: 4/4
   491 | D:1      | Reached skill level 1 in Stealth
  1060 | D:2      | Reached XP level 3. HP: 23/23 MP: 6/6
  1065 | D:2      | Learned a level 3 spell: Spider Form
  1212 | D:2      | Reached skill level 1 in Shields
  1255 | D:2      | Found a shattered altar of Ashenzari.
  1259 | D:2      | Became a worshipper of Ashenzari the Shackled
  1525 | D:2      | Gained mutation: You are agile. (Dex +2) [potion of mutation]
  1525 | D:2      | Gained mutation: You expend magic power (3 MP) to slightly strengthen your wands. [potion of mutation]
  1763 | D:3      | Reached XP level 4. HP: 26/28 MP: 0/7
  1774 | D:3      | Noticed Natasha
  1869 | D:3      | Killed Natasha
  1869 | D:3      | Reached skill level 4 in Unarmed Combat
  1925 | D:3      | Noticed Natasha
  1946 | D:3      | Killed from afar by Natasha

Action                   |  1- 3 |  4- 6 || total
-------------------------+-------+-------++-------
Melee: Unarmed           |    82 |    10 ||    92
Throw: Stone             |     3 |     5 ||     8
 Cast: Beastly Appendage |     2 |     3 ||     5
       Spider Form       |     1 |       ||     1
  Use: Scroll            |     6 |       ||     6
       Potion            |     1 |       ||     1
 Stab: Sleeping          |    10 |       ||    10
  Eat: Chunk             |     3 |     1 ||     4
